 Dungeon Crawl Stone Soup version 0.23-a0-38-g6d804a8 (webtiles) character file.

21 Amnesiac the Digger (level 2, -2/19 HPs)
             Began as a Mummy Earth Elementalist on Aug 5, 2018.
             Slain by a worker ant (4 damage)
             ... on level 4 of the Dungeon.
             The game lasted 00:02:21 (839 turns).

Amnesiac the Digger (Mummy Earth Elementalist)       Turns: 839, Time: 00:02:22

Health: -2/19      AC:  2    Str: 11    XL:     2   Next: 62%
Magic:  1/6        EV: 12    Int: 14    God:
Gold:   30         SH:  0    Dex: 12    Spells: 4/7 levels left

rFire    x . .     SeeInvis .   f - -1 mace (curse)
rCold    + . .     Gourm    .   (no shield)
rNeg     + + +     Faith    .   a - +0 robe (curse)
rPois    ∞         Spirit   .   (no helmet)
rElec    .         Reflect  .   (no cloak)
rCorr    .         Harm     .   (no gloves)
MR       .....                  (no boots)
Stlth    ++........             (no amulet)
HPRegen  0.06/turn              (no ring)
MPRegen  0.10/turn              (no ring)

@: no status effects
A: no food or potions, fire vulnerability, cold resistance 1, negative energy
resistance 3, torment resistance, unbreathing
a: no special abilities


You were on level 4 of the Dungeon.
You were not hungry.

You visited 1 branch of the dungeon, and saw 5 of its levels.

You collected 30 gold pieces.

Inventory:

Hand Weapons
 e - a +0 spear
 f - a cursed -1 mace (weapon)
Missiles
 b - 53 stones (quivered)
Armour
 a - a cursed +0 robe (worn)
 d - a +0 buckler
Scrolls
 h - a scroll of noise {!r}


   Skills:
 - Level 1.5 Dodging
 - Level 1.5 Stealth
 + Level 3.0 Spellcasting
 - Level 0.7 Transmutations
 * Level 3.1 Earth Magic


You had 4 spell levels left.
You knew the following spells:

 Your Spells              Type           Power        Failure   Level  Hunger
a - Sandblast             Erth           ##....       6%          1    N/A
b - Passwall              Tmut/Erth      #.......     14%         2    N/A

Your spell library contained the following spells:

 Spells                   Type           Power        Failure   Level  Hunger
 Stone Arrow              Conj/Erth      #.....       32%         3    N/A
 Lee's Rapid Deconstruct  Erth           ##........   86%         5    N/A
 Petrify                  Tmut/Erth      #.......     67%         4    N/A

Dungeon Overview and Level Annotations

Branches:
Dungeon (5/15)
 Temple: D:4-7

Altars:

Shops:
D:4 (

Annotations:
D:1 exclusion: door


Innate Abilities, Weirdness & Mutations

You do not eat or drink.
Your flesh is vulnerable to fire.
You are immune to poison.
Your flesh is cold resistant. (rC+)
You are immune to negative energy. (rN+++)
You are immune to unholy pain and torment.
You can survive without breathing.


Message History

The blast of sand hits the worker ant.
b - 57 stones The worker ant misses you.
Casting: Sandblast (safe; 6% risk of failure)
Confirm with . or Enter, or press ? or * to list all spells.
Aiming: Sandblast (safe; 6% risk of failure)
Press: ? - help, Shift-Dir - straight line, f/p - worker ant
Aim: a worker ant The blast of sand misses the worker ant.
b - 56 stones The worker ant barely misses you.
Casting: Sandblast (safe; 6% risk of failure)
Confirm with . or Enter, or press ? or * to list all spells.
Aiming: Sandblast (safe; 6% risk of failure)
Press: ? - help, Shift-Dir - straight line, f/p - worker ant
Aim: a worker ant The blast of sand hits the worker ant.
The worker ant is lightly wounded.
b - 55 stones The worker ant closely misses you.
Casting: Sandblast (safe; 6% risk of failure)
Confirm with . or Enter, or press ? or * to list all spells.
Aiming: Sandblast (safe; 6% risk of failure)
Press: ? - help, Shift-Dir - straight line, f/p - worker ant
Aim: a worker ant (lightly wounded)
The blast of sand misses the worker ant.
b - 54 stones The worker ant bites you. x2
Casting: Sandblast (safe; 6% risk of failure)
Confirm with . or Enter, or press ? or * to list all spells.
You don't have enough magic to cast that spell.
Casting: Sandblast (safe; 6% risk of failure)
Confirm with . or Enter, or press ? or * to list all spells.
You don't have enough magic to cast that spell.
Casting: Sandblast (safe; 6% risk of failure)
Confirm with . or Enter, or press ? or * to list all spells.
You don't have enough magic to cast that spell.
Okay, then.
The worker ant barely misses you. The worker ant closely misses you.
The worker ant misses you. The worker ant closely misses you.
An adder comes into view.
The adder hisses angrily.
The worker ant bites you.
* * * LOW HITPOINT WARNING * * *
The worker ant closely misses you. The worker ant bites you.
* * * LOW HITPOINT WARNING * * *
The worker ant barely misses you.
An ogre comes into view. It is wielding a giant spiked club.
The ogre shouts!
The worker ant bites you.
* * * LOW HITPOINT WARNING * * *
Casting: Sandblast (safe; 6% risk of failure)
Confirm with . or Enter, or press ? or * to list all spells.
Aiming: Sandblast (safe; 6% risk of failure)
Press: ? - help, Shift-Dir - straight line, f/p - worker ant
Aim: a worker ant (lightly wounded)
The blast of sand hits the worker ant.
The worker ant is moderately wounded.
b - 53 stones The worker ant bites you.
You die...

..O.... ##............
....... #.............
.......##.#...........
.......#.##...........
.......#.##...........
# ##Z###........ ##
#S.# #........ .##
##a## ##....... ..###
#@.# ##.... ##..##
##.## ##..### #..#
###..## ##..# ##..##
##..## ##..####...#
###..##..## ##.....#
##..[##


You could see a worker ant, an adder and a centaur skeleton.

Vanquished Creatures
  An adder (D:2)
  A leopard gecko (D:4)
  An orc (D:4)
  3 jackals (D:1)
  A quokka (D:4)
  A frilled lizard (D:1)
  A kobold (D:1)
  A rat (D:1)
10 creatures vanquished.

Notes
Turn   | Place    | Note
-------+----------+-------------------------------------------
     0 | D:1      | Amnesiac the Mummy Earth Elementalist began the quest for the Orb.
     0 | D:1      | Reached XP level 1. HP: 13/13 MP: 4/4
   242 | D:2      | Reached XP level 2. HP: 19/19 MP: 0/6
   246 | D:2      | Learned a level 2 spell: Passwall
   348 | D:5      | Entered Level 5 of the Dungeon
   348 | D:5      | Noticed a phantom
   411 | D:4      | Found Mesemeiw's Antique Weapon Emporium.
   835 | D:4      | Noticed an ogre
   839 | D:4      | Slain by a worker ant

Vault maps used:
D:1:      evilmike_arrival_run_for_it
D:2:      first_ration, tso_altar
D:3:      serial_park_tiny_1
D:4:      minmay_temple_entry_butterflies, serial_shops, nicolae_shop_stone,
          gammafunk_ghost_cemetery, roderic_lattice_a
D:5:      nicolae_overflow_hidden_temple, kennysheep_generic_room_15

Skill      XL: |  1 |
---------------+----+-----
Spellcasting   | 3 |  3.0
Earth Magic    | 3 |  3.1
Dodging        | |  1.5
Stealth        | |  1.5
Transmutations | |  0.7

Action                   || total
-------------------------++-------
Melee: Spear             ||    10
       Unarmed           ||     1
       Mace              ||     9
 Cast: Sandblast         ||    23
  Use: Scroll            ||     4
 Stab: Sleeping          ||     1
Armor: Robe              ||     3
Dodge: Dodged            ||    22

Table legend:
 A = Spawn XP
 B = Non-spawn XP
 C = Spawn XP percentage of total XP
 D = Spawn monster count
 E = Non-spawn monster count
 F = Spawn count percentage of total count
 G = Total turns spent on level
                    A         B        C        D         E        F      G
               +---------+---------+-------+---------+---------+-------+---------
         Total |       0 |      30 |   0.0 |       0 |      10 |   0.0 |   839
               +---------+---------+-------+---------+---------+-------+---------
           D:1 |       0 |       9 |   0.0 |       0 |       6 |   0.0 |   235
           D:2 |       0 |      13 |   0.0 |       0 |       1 |   0.0 |    86
           D:4 |       0 |       8 |   0.0 |       0 |       3 |   0.0 |   431
               +---------+---------+-------+---------+---------+-------+---------
